Login

Gladiators vs Riots

Created - January 14, 2024 at 12:10

Goals
1 2 3 T
Gladiators 0 0 0 0
Riots 0 0 1 1
Shots
1 2 3 T
Gladiators 13 15 11 39
Riots 7 7 8 22

GoalsPenalties
1st period
No Goal
Conor Garland (RIV) for Roughing (Minor) at 2:09
Andreas Athanasiou (RIV) for Roughing (Minor) at 9:04
Geoff Copses (ATH) for Holding (Minor) at 12:41
2nd period
No Goal
Alex Tuch (ATH) for Tripping (Minor) at 0:11
Jakob Chychrun (RIV) for Holding (Minor) at 3:35
Sam Reinhart (ATH) for Roughing (Minor) at 7:12
Marc-Andre Fleury (RIV) for Slashing (Minor) at 9:25 - Derek Forbort served the penalty.
3rd period
1. Riots , Jonathan Huberdeau 5 (Jakob Chychrun 9, Conor Garland 3) at 15:48
No Penalty
Goalie Stats
Jake Oettinger (ATH), 21 saves from 22 shots - (0.955), L, 19-12-3, 58:35 minutes
Marc-Andre Fleury (RIV), 39 saves from 39 shots - (1.000), W, 21-9-3, 60:00 minutes
3 StarsOfficial
1 - Marc-Andre Fleury (RIV)
2 - Jonathan Huberdeau (RIV)
3 - Jake Oettinger (ATH)
Referees : Unknown
Linesman : Unknown
Game Note
No Game Note
Finance
Level 1 -- Attendance: 4766 (79.43%) -- Ticket Income $476,600
Level 2 -- Attendance: 3670 (73.40%) -- Ticket Income $220,200
Level 3 -- Attendance: 1490 (74.50%) -- Ticket Income $52,150
Level 4 -- Attendance: 3312 (82.80%) -- Ticket Income $82,800
Luxury Box -- Attendance: 1000 (100.00%) -- Ticket Income $200,000
Game was played at the The Breadbasket.
Total Attendance: 14238 (79.10%)
Total Ticket Income: $1,031,750
Other Income: $412,700
Total Income: $1,444,450



Team Name Goals Shots Shots Attemp Shots Blocked PIM HIT PP PK FO%
Gladiators 0397226170 / 4 (0%)058%
Riots 12237128160 / 3 (0%)042%

Gladiators
Player Name POS G A P +/- PIM HIT SHT SB MP PP MP PP SHT PK MP PK SHT FO% FOT
Alec MartinezD000-1010019:343:0503:3100% 0
Alex TuchLW/RW0000203017:313:4110:00050% 2
Anthony CirelliC/RW000-1012010:170:0003:14071% 17
Colton SissonsC/LW/RW0000003011:470:0000:0000% 1
Evan RodriguesC/LW/RW000-1011010:170:0003:140100% 1
Geoff CopsesD0000213025:324:5111:5500% 0
J.T. CompherC/LW/RW000-100207:030:0000:000100% 2
Jaccob SlavinD000-1012124:494:5112:5600% 0
Jake GuentzelLW/RW0000012017:414:1500:000100% 2
Josh MansonD0000020015:190:0000:0000% 0
Nick SchmaltzC/LW/RW0000002011:470:0000:00033% 9
Nico HischierC0000004016:444:1510:00063% 16
Ryan SuterD0000010120:503:0503:3200% 0
Sam ReinhartC/RW0000223018:283:4110:00048% 27
Samuel GirardD0000010013:550:0000:0000% 0
T.J. OshieC/RW0000012014:300:0002:4300% 0
Travis KonecnyLW/RW0000005016:103:4120:0000% 0
Zach HymanLW/RW0000045021:464:1512:430100% 2
Riots
Player Name POS G A P +/- PIM HIT SHT SB MP PP MP PP SHT PK MP PK SHT FO% FOT
Andreas AthanasiouC/LW/RW0000201115:162:2700:0000% 0
Arber XhekajD0000000013:270:0000:0000% 0
Artturi LehkonenLW/RW0000012021:223:3004:4700% 1
Brandon HagelLW0000031018:262:2703:090100% 1
Brendan GallagherRW000000006:450:0000:0000% 0
Cole CaufieldRW0000001119:013:3003:0500% 6
Conor GarlandLW/RW0111201114:090:0000:040100% 1
Derek ForbortD0000020322:090:0003:0600% 0
Jakob ChychrunD0111210019:202:0402:5900% 0
Jean-Gabriel PageauC0001024014:060:0000:00050% 12
Jonathan HuberdeauC/LW1011013014:060:0000:0000% 0
Kirby DachC0000023015:172:2710:00026% 23
Lars EllerC/LW000000006:450:0000:00067% 6
Noah DobsonD0000000118:043:5301:2500% 0
Rasmus RistolainenD0001002221:593:5323:4800% 0
Seth JonesD0000002116:472:0414:0810% 0
Tyson BarrieD000000008:130:0000:2600% 0
Velyki HospadorC/LW0000042226:493:3004:47052% 29

Gladiators

5 vs 5 Forward
Line #Left WingCenterRight WingPHYDFOFWanted %Time %Time Play
1Alex TuchSam ReinhartZach Hyman1223031%13:51
2Travis KonecnyNico HischierJake Guentzel1222828%12:29
3Colton SissonsNick SchmaltzT.J. Oshie1222626%11:47
4Evan RodriguesAnthony CirelliJ.T. Compher1221616%7:03
5 vs 5 Defense
Line #DefenseDefensePHYDFOFWanted %Time %Time Play
1Geoff CopsesSamuel Girard1223031%13:55
2Alec MartinezJaccob Slavin1222826%11:34
3Josh MansonRyan Suter1222634%15:19
4Geoff CopsesJaccob Slavin1221610%4:22
Power Play Forward
Line #Left WingCenterRight WingPHYDFOFWanted %Time %Time Play
1Alex TuchSam ReinhartTravis Konecny1225546%3:41
2Jake GuentzelNico HischierZach Hyman1224554%4:15
Power Play Defense
Line #DefenseDefensePHYDFOFWanted %Time %Time Play
1Geoff CopsesJaccob Slavin1225561%4:51
2Alec MartinezRyan Suter1224539%3:05
Penalty Kill 4 Players Forward
Line #CenterWingPHYDFOFWanted %Time %Time Play
1Anthony CirelliEvan Rodrigues1225554%3:14
2T.J. OshieZach Hyman1224546%2:43
Penalty Kill 4 Players Defense
Line #DefenseDefensePHYDFOFWanted %Time %Time Play
1Geoff CopsesJaccob Slavin1225561%3:39
2Alec MartinezRyan Suter1224539%2:18
Penalty Kill 3 Players
Line #WingPHYDFOFWanted %Time %Time PlayDefenseDefensePHYDFOFWanted %Time %Time Play
1Colton Sissons122550%0:00 Geoff CopsesJaccob Slavin122550%0:00
2Evan Rodrigues122450%0:00 Geoff CopsesRyan Suter122450%0:00
4 vs 4 Forward
Line #CenterWingPHYDFOFWanted %Time %Time Play
1Alex TuchJake Guentzel122550%0:00
2Travis KonecnyZach Hyman122450%0:00
4 vs 4 Defense
Line #DefensePHYDFOFWanted %Time %Time Play
1Geoff CopsesJaccob Slavin122550%0:00
2Alec MartinezRyan Suter122450%0:00
Last Minutes Offensive
Left WingCenterRight WingDefenseDefense
Zach HymanSam ReinhartJake GuentzelGeoff CopsesJosh Manson
Last Minutes Defensive
Left WingCenterRight WingDefenseDefense
Evan RodriguesAnthony CirelliT.J. OshieGeoff CopsesJaccob Slavin
Time
Total ForwardTotal DefenseLast Minutes OffensiveLast Minutes Defensive
60:00 60:00 0:570:00
Extra Forwards
Normal PowerPlayPenalty Kill
Nick Schmaltz, Anthony Cirelli, T.J. OshieNick Schmaltz, Colton SissonsT.J. Oshie
Extra Defensemen
Normal PowerPlayPenalty Kill
Geoff Copses, Jaccob Slavin, Alec MartinezGeoff Copses, Geoff CopsesAlec Martinez
Penalty Shots
Alex Tuch, Jake Guentzel, Travis Konecny, Zach Hyman, Sam Reinhart
Goalie
Jake Oettinger, Ville Husso
Custom OT Lines Forwards
Alex Tuch, Jake Guentzel, Travis Konecny, Zach Hyman, Sam Reinhart, Nico Hischier, Nick Schmaltz, Colton Sissons, T.J. Oshie, Anthony Cirelli
Custom OT Lines Defensemen
Geoff Copses, Jaccob Slavin, Josh Manson, Ryan Suter, Alec Martinez
Scratches
Shea Theodore (Healthy), Jack Roslovic (Healthy)

Riots

5 vs 5 Forward
Line #Left WingCenterRight WingPHYDFOFWanted %Time %Time Play
1Artturi LehkonenVelyki HospadorCole Caufield1223027%12:26
2Brandon HagelKirby DachAndreas Athanasiou1222828%12:50
3Jonathan HuberdeauJean-Gabriel PageauConor Garland1222630%13:25
4Velyki HospadorLars EllerBrendan Gallagher1221615%6:45
5 vs 5 Defense
Line #DefenseDefensePHYDFOFWanted %Time %Time Play
1Derek ForbortSeth Jones1223023%10:35
2Rasmus RistolainenJakob Chychrun1222831%14:18
3Arber XhekajNoah Dobson1222628%12:46
4Tyson BarrieDerek Forbort1221617%7:47
Power Play Forward
Line #Left WingCenterRight WingPHYDFOFWanted %Time %Time Play
1Artturi LehkonenVelyki HospadorCole Caufield1225559%3:30
2Brandon HagelKirby DachAndreas Athanasiou1224541%2:27
Power Play Defense
Line #DefenseDefensePHYDFOFWanted %Time %Time Play
1Noah DobsonRasmus Ristolainen1225565%3:53
2Seth JonesJakob Chychrun1224535%2:04
Penalty Kill 4 Players Forward
Line #CenterWingPHYDFOFWanted %Time %Time Play
1Velyki HospadorArtturi Lehkonen1225560%4:47
2Cole CaufieldBrandon Hagel1224540%3:09
Penalty Kill 4 Players Defense
Line #DefenseDefensePHYDFOFWanted %Time %Time Play
1Derek ForbortRasmus Ristolainen1225548%3:48
2Seth JonesJakob Chychrun1224552%4:08
Penalty Kill 3 Players
Line #WingPHYDFOFWanted %Time %Time PlayDefenseDefensePHYDFOFWanted %Time %Time Play
1Velyki Hospador122550%0:00 Derek ForbortRasmus Ristolainen122550%0:00
2Artturi Lehkonen122450%0:00 Seth JonesJakob Chychrun122450%0:00
4 vs 4 Forward
Line #CenterWingPHYDFOFWanted %Time %Time Play
1Velyki HospadorArtturi Lehkonen122550%0:00
2Cole CaufieldBrandon Hagel122450%0:00
4 vs 4 Defense
Line #DefensePHYDFOFWanted %Time %Time Play
1Noah DobsonRasmus Ristolainen122550%0:00
2Seth JonesJakob Chychrun122450%0:00
Last Minutes Offensive
Left WingCenterRight WingDefenseDefense
Artturi LehkonenVelyki HospadorCole CaufieldDerek ForbortRasmus Ristolainen
Last Minutes Defensive
Left WingCenterRight WingDefenseDefense
Artturi LehkonenVelyki HospadorCole CaufieldDerek ForbortRasmus Ristolainen
Time
Total ForwardTotal DefenseLast Minutes OffensiveLast Minutes Defensive
60:00 60:00 0:000:41
Extra Forwards
Normal PowerPlayPenalty Kill
Jean-Gabriel Pageau, Jonathan Huberdeau, Conor GarlandJean-Gabriel Pageau, Jonathan HuberdeauConor Garland
Extra Defensemen
Normal PowerPlayPenalty Kill
Arber Xhekaj, Noah Dobson, Tyson BarrieArber Xhekaj, Noah DobsonTyson Barrie
Penalty Shots
Velyki Hospador, Artturi Lehkonen, Cole Caufield, Brandon Hagel, Kirby Dach
Goalie
Marc-Andre Fleury, Yaroslav Askarov
Custom OT Lines Forwards
Velyki Hospador, Artturi Lehkonen, Cole Caufield, Brandon Hagel, Kirby Dach, Jean-Gabriel Pageau, Jonathan Huberdeau, Andreas Athanasiou, Conor Garland, Lars Eller
Custom OT Lines Defensemen
Derek Forbort, Rasmus Ristolainen, Seth Jones, Jakob Chychrun, Arber Xhekaj
Scratches
Rasmus Kupari (Healthy), Jakob Silfverberg (Healthy), Kyle Capobianco (Healthy), Kevin Lankinen (Healthy)


Play-by-Play

1st period


0:01 of 1st period - Zach Hyman wins face-off versus Velyki Hospador in neutral zone.
0:06 of 1st period - Icing by Derek Forbort.
0:07 of 1st period - Velyki Hospador wins face-off versus Nico Hischier in Riots zone.
0:36 of 1st period - Shot by Travis Konecny.
0:36 of 1st period - Shot Blocked by Seth Jones.
0:38 of 1st period - Shot by Nico Hischier.
0:38 of 1st period - Shot Misses the Net.
1:29 of 1st period - Icing by Brandon Hagel.
1:30 of 1st period - Kirby Dach wins face-off versus Alex Tuch in Riots zone.
1:41 of 1st period - Shot by Brandon Hagel.
1:41 of 1st period - Stopped by Jake Oettinger without a rebound.
1:42 of 1st period - Anthony Cirelli wins face-off versus Jean-Gabriel Pageau in Gladiators zone.
1:42 of 1st period - Anthony Cirelli is hit by Jean-Gabriel Pageau.
1:50 of 1st period - Jean-Gabriel Pageau is hit by Anthony Cirelli and loses puck.
2:08 of 1st period - Geoff Copses is hit by Jean-Gabriel Pageau and loses puck.
2:09 of 1st period - Minor Penalty to Conor Garland for Roughing.
2:10 of 1st period - Velyki Hospador wins face-off versus Sam Reinhart in Riots zone.
2:23 of 1st period - Shot by Sam Reinhart.
2:23 of 1st period - Stopped by Marc-Andre Fleury without a rebound.
2:24 of 1st period - Nico Hischier wins face-off versus Cole Caufield in Riots zone.
2:39 of 1st period - Shot by Zach Hyman.
2:39 of 1st period - Stopped by Marc-Andre Fleury without a rebound.
2:40 of 1st period - Velyki Hospador wins face-off versus Sam Reinhart in Riots zone.
2:57 of 1st period - Shot by Travis Konecny.
2:57 of 1st period - Stopped by Marc-Andre Fleury without a rebound.
2:58 of 1st period - Velyki Hospador wins face-off versus Nico Hischier in Riots zone.
3:09 of 1st period - Shot by Nico Hischier.
3:09 of 1st period - Stopped by Marc-Andre Fleury without a rebound.
3:10 of 1st period - Sam Reinhart wins face-off versus Velyki Hospador in Riots zone.
4:15 of 1st period - Arber Xhekaj is hit by T.J. Oshie and loses puck.
4:33 of 1st period - Shot by Conor Garland.
4:33 of 1st period - Shot Blocked by Ryan Suter.
4:43 of 1st period - Shot by Colton Sissons.
4:43 of 1st period - Stopped by Marc-Andre Fleury without a rebound.
4:44 of 1st period - Anthony Cirelli wins face-off versus Lars Eller in Riots zone.
4:57 of 1st period - Shot by Anthony Cirelli.
4:57 of 1st period - Stopped by Marc-Andre Fleury without a rebound.
4:58 of 1st period - Nico Hischier wins face-off versus Kirby Dach in Riots zone.
5:09 of 1st period - Shot by Brandon Hagel.
5:09 of 1st period - Shot Misses the Net.
5:19 of 1st period - Shot by Kirby Dach.
5:19 of 1st period - Stopped by Jake Oettinger without a rebound.
5:20 of 1st period - Lars Eller wins face-off versus Sam Reinhart in Gladiators zone.
6:20 of 1st period - Icing by Sam Reinhart.
6:21 of 1st period - Kirby Dach wins face-off versus Sam Reinhart in Gladiators zone.
8:37 of 1st period - Shot by T.J. Oshie.
8:37 of 1st period - Shot Misses the Net.
8:39 of 1st period - Shot by Colton Sissons.
8:39 of 1st period - Shot Blocked by Velyki Hospador.
8:41 of 1st period - Shot by Colton Sissons.
8:41 of 1st period - Shot Blocked by Rasmus Ristolainen.
8:43 of 1st period - Shot by T.J. Oshie.
8:43 of 1st period - Stopped by Marc-Andre Fleury without a rebound.
8:44 of 1st period - Kirby Dach wins face-off versus Anthony Cirelli in Riots zone.
8:49 of 1st period - Shot by Anthony Cirelli.
8:49 of 1st period - Deflect By J.T. Compher.
8:49 of 1st period - Stopped by Marc-Andre Fleury with a rebound.
8:51 of 1st period - Shot by J.T. Compher.
8:51 of 1st period - Stopped by Marc-Andre Fleury without a rebound.
8:52 of 1st period - Anthony Cirelli wins face-off versus Kirby Dach in Riots zone.
9:04 of 1st period - Minor Penalty to Andreas Athanasiou for Roughing.
9:05 of 1st period - Velyki Hospador wins face-off versus Nico Hischier in Riots zone.
9:05 of 1st period - Velyki Hospador is hit by Zach Hyman.
9:58 of 1st period - Shot by Alex Tuch.
9:58 of 1st period - Shot Misses the Net.
10:00 of 1st period - Shot by Alec Martinez.
10:00 of 1st period - Shot Misses the Net.
10:02 of 1st period - Shot by Travis Konecny.
10:02 of 1st period - Shot Misses the Net.
10:04 of 1st period - Shot by Alex Tuch.
10:04 of 1st period - Stopped by Marc-Andre Fleury without a rebound.
10:05 of 1st period - Sam Reinhart wins face-off versus Cole Caufield in Riots zone.
10:05 of 1st period - Sam Reinhart is hit by Derek Forbort.
10:48 of 1st period - Velyki Hospador is hit by Zach Hyman and loses puck.
11:20 of 1st period - Shot by Jonathan Huberdeau.
11:20 of 1st period - Stopped by Jake Oettinger without a rebound.
11:21 of 1st period - J.T. Compher wins face-off versus Kirby Dach in Gladiators zone.
11:38 of 1st period - Icing by Kirby Dach.
11:39 of 1st period - Kirby Dach wins face-off versus Nick Schmaltz in Riots zone.
11:48 of 1st period - Shot by Colton Sissons.
11:48 of 1st period - Deflect By Nick Schmaltz.
11:48 of 1st period - Stopped by Marc-Andre Fleury without a rebound.
11:49 of 1st period - Nico Hischier wins face-off versus Jean-Gabriel Pageau in Riots zone.
12:00 of 1st period - Shot by Conor Garland.
12:00 of 1st period - Stopped by Jake Oettinger without a rebound.
12:01 of 1st period - Nick Schmaltz wins face-off versus Kirby Dach in Gladiators zone.
12:01 of 1st period - Colton Sissons is hit by Kirby Dach.
12:13 of 1st period - Shot by Nick Schmaltz.
12:13 of 1st period - Shot Misses the Net.
12:29 of 1st period - Shot by Nick Schmaltz.
12:29 of 1st period - Stopped by Marc-Andre Fleury without a rebound.
12:30 of 1st period - Velyki Hospador wins face-off versus Sam Reinhart in Riots zone.
12:35 of 1st period - Shot by Artturi Lehkonen.
12:35 of 1st period - Stopped by Jake Oettinger without a rebound.
12:36 of 1st period - Sam Reinhart wins face-off versus Velyki Hospador in Gladiators zone.
12:36 of 1st period - Sam Reinhart is hit by Velyki Hospador.
12:41 of 1st period - Minor Penalty to Geoff Copses for Holding.
12:42 of 1st period - Anthony Cirelli wins face-off versus Velyki Hospador in Gladiators zone.
13:52 of 1st period - Shot by Seth Jones.
13:52 of 1st period - Stopped by Jake Oettinger without a rebound.
13:53 of 1st period - Anthony Cirelli wins face-off versus Kirby Dach in Gladiators zone.
13:53 of 1st period - Anthony Cirelli is hit by Brandon Hagel.
15:57 of 1st period - Shot by Evan Rodrigues.
15:57 of 1st period - Shot Blocked by Conor Garland.
16:23 of 1st period - Shot by Alex Tuch.
16:23 of 1st period - Stopped by Marc-Andre Fleury with a rebound.
16:28 of 1st period - Artturi Lehkonen is hit by Josh Manson.
16:33 of 1st period - Artturi Lehkonen is hit by Josh Manson and loses puck.
17:05 of 1st period - Icing by Josh Manson.
17:06 of 1st period - Sam Reinhart wins face-off versus Kirby Dach in Gladiators zone.
17:18 of 1st period - Off-side.
17:19 of 1st period - Nico Hischier wins face-off versus Kirby Dach in neutral zone.
19:00 of 1st period - Shot by Artturi Lehkonen.
19:00 of 1st period - Shot Misses the Net.
19:08 of 1st period - Shot by Velyki Hospador.
19:08 of 1st period - Stopped by Jake Oettinger without a rebound.
19:09 of 1st period - Jean-Gabriel Pageau wins face-off versus Sam Reinhart in Gladiators zone.
Goals for this period are 0 for Gladiators vs 0 for Riots.
Shots for this period are 13 for Gladiators vs 7 for Riots.

2nd period


0:01 of 2nd period - Sam Reinhart wins face-off versus Velyki Hospador in neutral zone.
0:11 of 2nd period - Minor Penalty to Alex Tuch for Tripping.
0:12 of 2nd period - Anthony Cirelli wins face-off versus Kirby Dach in Gladiators zone.
0:12 of 2nd period - Anthony Cirelli is hit by Brandon Hagel.
0:19 of 2nd period - Icing by Brandon Hagel.
0:20 of 2nd period - Anthony Cirelli wins face-off versus Kirby Dach in Riots zone.
0:38 of 2nd period - Shot by Rasmus Ristolainen.
0:38 of 2nd period - Stopped by Jake Oettinger without a rebound.
0:39 of 2nd period - Velyki Hospador wins face-off versus Anthony Cirelli in Gladiators zone.
2:33 of 2nd period - Shot by Conor Garland.
2:33 of 2nd period - Shot Misses the Net.
2:35 of 2nd period - Shot by Derek Forbort.
2:35 of 2nd period - Shot Misses the Net.
3:13 of 2nd period - Shot by Lars Eller.
3:13 of 2nd period - Shot Misses the Net.
3:20 of 2nd period - Off-side.
3:21 of 2nd period - Sam Reinhart wins face-off versus Velyki Hospador in neutral zone.
3:35 of 2nd period - Minor Penalty to Jakob Chychrun for Holding.
3:36 of 2nd period - Sam Reinhart wins face-off versus Cole Caufield in Riots zone.
3:55 of 2nd period - Icing by Jaccob Slavin.
3:56 of 2nd period - Sam Reinhart wins face-off versus Velyki Hospador in Gladiators zone.
4:17 of 2nd period - Shot by Geoff Copses.
4:17 of 2nd period - Stopped by Marc-Andre Fleury without a rebound.
4:18 of 2nd period - Zach Hyman wins face-off versus Cole Caufield in Riots zone.
4:27 of 2nd period - Shot by Jake Guentzel.
4:27 of 2nd period - Shot Misses the Net.
5:42 of 2nd period - Icing by Jaccob Slavin.
5:43 of 2nd period - Jean-Gabriel Pageau wins face-off versus Nick Schmaltz in Gladiators zone.
6:00 of 2nd period - Shot by T.J. Oshie.
6:00 of 2nd period - Shot Blocked by Derek Forbort.
6:16 of 2nd period - Shot by T.J. Oshie.
6:16 of 2nd period - Shot Misses the Net.
6:25 of 2nd period - Icing by Jean-Gabriel Pageau.
6:26 of 2nd period - Anthony Cirelli wins face-off versus Jean-Gabriel Pageau in Riots zone.
6:53 of 2nd period - Shot by Anthony Cirelli.
6:53 of 2nd period - Stopped by Marc-Andre Fleury without a rebound.
6:54 of 2nd period - Sam Reinhart wins face-off versus Kirby Dach in Riots zone.
6:59 of 2nd period - Shot by Zach Hyman.
6:59 of 2nd period - Stopped by Marc-Andre Fleury without a rebound.
7:00 of 2nd period - Nico Hischier wins face-off versus Velyki Hospador in Riots zone.
7:05 of 2nd period - Shot by Nico Hischier.
7:05 of 2nd period - Stopped by Marc-Andre Fleury without a rebound.
7:06 of 2nd period - Velyki Hospador wins face-off versus Sam Reinhart in Riots zone.
7:12 of 2nd period - Minor Penalty to Sam Reinhart for Roughing.
7:13 of 2nd period - Velyki Hospador wins face-off versus Anthony Cirelli in Gladiators zone.
7:26 of 2nd period - Shot by Rasmus Ristolainen.
7:26 of 2nd period - Shot Misses the Net.
7:28 of 2nd period - Shot by Rasmus Ristolainen.
7:28 of 2nd period - Stopped by Jake Oettinger without a rebound.
7:29 of 2nd period - Brandon Hagel wins face-off versus Anthony Cirelli in Gladiators zone.
7:32 of 2nd period - Shot by Kirby Dach.
7:32 of 2nd period - Stopped by Jake Oettinger without a rebound.
7:33 of 2nd period - Anthony Cirelli wins face-off versus Velyki Hospador in Gladiators zone.
7:33 of 2nd period - Anthony Cirelli is hit by Artturi Lehkonen.
7:46 of 2nd period - Icing by Noah Dobson.
7:47 of 2nd period - Anthony Cirelli wins face-off versus Velyki Hospador in Riots zone.
8:18 of 2nd period - Shot by Noah Dobson.
8:18 of 2nd period - Shot Misses the Net.
8:27 of 2nd period - Icing by Velyki Hospador.
8:28 of 2nd period - Velyki Hospador wins face-off versus Anthony Cirelli in Riots zone.
8:50 of 2nd period - Artturi Lehkonen is hit by Ryan Suter and loses puck.
9:12 of 2nd period - Kirby Dach is hit by Geoff Copses and loses puck.
9:25 of 2nd period - Shot by Nico Hischier.
9:25 of 2nd period - Stopped by Marc-Andre Fleury without a rebound.
9:25 of 2nd period - Minor Penalty to Marc-Andre Fleury for Slashing.
9:26 of 2nd period - Conor Garland wins face-off versus Sam Reinhart in Riots zone.
9:39 of 2nd period - Shot by Jaccob Slavin.
9:39 of 2nd period - Shot Misses the Net.
9:54 of 2nd period - Shot by Alex Tuch.
9:54 of 2nd period - Deflect By Travis Konecny.
9:54 of 2nd period - Stopped by Marc-Andre Fleury without a rebound.
9:55 of 2nd period - Nico Hischier wins face-off versus Cole Caufield in Riots zone.
9:58 of 2nd period - Shot by Zach Hyman.
9:58 of 2nd period - Shot Misses the Net.
10:17 of 2nd period - Shot by Seth Jones.
10:17 of 2nd period - Stopped by Jake Oettinger without a rebound.
10:18 of 2nd period - Sam Reinhart wins face-off versus Velyki Hospador in Gladiators zone.
10:27 of 2nd period - Shot by Travis Konecny.
10:27 of 2nd period - Shot Misses the Net.
10:29 of 2nd period - Shot by Jaccob Slavin.
10:29 of 2nd period - Stopped by Marc-Andre Fleury without a rebound.
10:30 of 2nd period - Jake Guentzel wins face-off versus Cole Caufield in Riots zone.
11:33 of 2nd period - Shot by Jonathan Huberdeau.
11:33 of 2nd period - Stopped by Jake Oettinger without a rebound.
11:34 of 2nd period - Anthony Cirelli wins face-off versus Kirby Dach in Gladiators zone.
11:36 of 2nd period - Icing by Evan Rodrigues.
11:37 of 2nd period - Anthony Cirelli wins face-off versus Kirby Dach in Gladiators zone.
11:37 of 2nd period - Anthony Cirelli is hit by Brandon Hagel.
11:42 of 2nd period - Evan Rodrigues is hit by Kirby Dach.
11:59 of 2nd period - Anthony Cirelli is hit by Derek Forbort and loses puck.
12:29 of 2nd period - J.T. Compher is hit by Velyki Hospador and loses puck.
13:43 of 2nd period - Shot by Sam Reinhart.
13:43 of 2nd period - Stopped by Marc-Andre Fleury with a rebound.
13:47 of 2nd period - Shot by Zach Hyman.
13:47 of 2nd period - Deflect By Alex Tuch.
13:47 of 2nd period - Stopped by Marc-Andre Fleury with a rebound.
13:49 of 2nd period - Shot by Sam Reinhart.
13:49 of 2nd period - Shot Blocked by Velyki Hospador.
13:51 of 2nd period - Shot by Jaccob Slavin.
13:51 of 2nd period - Stopped by Marc-Andre Fleury with a rebound.
13:59 of 2nd period - Shot by Zach Hyman.
13:59 of 2nd period - Stopped by Marc-Andre Fleury without a rebound.
14:00 of 2nd period - Nico Hischier wins face-off versus Kirby Dach in Riots zone.
14:03 of 2nd period - Shot by Nico Hischier.
14:03 of 2nd period - Shot Misses the Net.
14:11 of 2nd period - Shot by Travis Konecny.
14:11 of 2nd period - Stopped by Marc-Andre Fleury without a rebound.
14:12 of 2nd period - Jake Guentzel wins face-off versus Jean-Gabriel Pageau in Riots zone.
15:28 of 2nd period - Shot by Kirby Dach.
15:28 of 2nd period - Stopped by Jake Oettinger without a rebound.
15:29 of 2nd period - Velyki Hospador wins face-off versus Nick Schmaltz in Gladiators zone.
15:43 of 2nd period - Artturi Lehkonen is hit by Samuel Girard and loses puck.
16:06 of 2nd period - Shot by T.J. Oshie.
16:06 of 2nd period - Shot Misses the Net.
16:20 of 2nd period - Shot by J.T. Compher.
16:20 of 2nd period - Shot Misses the Net.
16:22 of 2nd period - Shot by Alec Martinez.
16:22 of 2nd period - Shot Blocked by Derek Forbort.
16:53 of 2nd period - Icing by Tyson Barrie.
16:54 of 2nd period - Sam Reinhart wins face-off versus Velyki Hospador in Riots zone.
17:13 of 2nd period - Derek Forbort is hit by Zach Hyman and loses puck.
17:26 of 2nd period - Shot by Zach Hyman.
17:26 of 2nd period - Stopped by Marc-Andre Fleury without a rebound.
17:27 of 2nd period - Kirby Dach wins face-off versus Nico Hischier in Riots zone.
17:27 of 2nd period - Brandon Hagel is hit by Jake Guentzel and loses puck.
17:36 of 2nd period - Shot by Travis Konecny.
17:36 of 2nd period - Shot Blocked by Noah Dobson.
17:38 of 2nd period - Shot by Travis Konecny.
17:38 of 2nd period - Shot Hit the Post.
17:40 of 2nd period - Shot by Nico Hischier.
17:40 of 2nd period - Shot Misses the Net.
17:42 of 2nd period - Shot by Nico Hischier.
17:42 of 2nd period - Shot Blocked by Andreas Athanasiou.
17:44 of 2nd period - Shot by Travis Konecny.
17:44 of 2nd period - Stopped by Marc-Andre Fleury with a rebound.
17:50 of 2nd period - Shot by Geoff Copses.
17:50 of 2nd period - Stopped by Marc-Andre Fleury without a rebound.
17:51 of 2nd period - Nick Schmaltz wins face-off versus Jean-Gabriel Pageau in Riots zone.
18:05 of 2nd period - Conor Garland is hit by Alec Martinez and loses puck.
18:14 of 2nd period - Shot by Jonathan Huberdeau.
18:14 of 2nd period - Deflect By Jean-Gabriel Pageau.
18:14 of 2nd period - Stopped by Jake Oettinger with a rebound.
18:18 of 2nd period - Shot by Jean-Gabriel Pageau.
18:18 of 2nd period - Shot Misses the Net.
18:20 of 2nd period - Shot by Jonathan Huberdeau.
18:20 of 2nd period - Deflect By Conor Garland.
18:20 of 2nd period - Shot Misses the Net.
Goals for this period are 0 for Gladiators vs 0 for Riots.
Shots for this period are 15 for Gladiators vs 7 for Riots.

3rd period


0:01 of 3rd period - Sam Reinhart wins face-off versus Velyki Hospador in neutral zone.
1:10 of 3rd period - Shot by Travis Konecny.
1:10 of 3rd period - Stopped by Marc-Andre Fleury without a rebound.
1:11 of 3rd period - Jean-Gabriel Pageau wins face-off versus Colton Sissons in Riots zone.
1:51 of 3rd period - Shot by Jean-Gabriel Pageau.
1:51 of 3rd period - Shot Misses the Net.
2:21 of 3rd period - Shot by Andreas Athanasiou.
2:21 of 3rd period - Stopped by Jake Oettinger without a rebound.
2:22 of 3rd period - Nico Hischier wins face-off versus Lars Eller in Gladiators zone.
2:39 of 3rd period - Shot by Travis Konecny.
2:39 of 3rd period - Shot Hit the Post.
2:41 of 3rd period - Shot by Nico Hischier.
2:41 of 3rd period - Stopped by Marc-Andre Fleury without a rebound.
2:42 of 3rd period - Sam Reinhart wins face-off versus Kirby Dach in Riots zone.
2:45 of 3rd period - Shot by Zach Hyman.
2:45 of 3rd period - Stopped by Marc-Andre Fleury without a rebound.
2:46 of 3rd period - Alex Tuch wins face-off versus Artturi Lehkonen in Riots zone.
3:03 of 3rd period - Shot by Velyki Hospador.
3:03 of 3rd period - Stopped by Jake Oettinger without a rebound.
3:04 of 3rd period - Nico Hischier wins face-off versus Kirby Dach in Gladiators zone.
3:48 of 3rd period - Off-side.
3:49 of 3rd period - Velyki Hospador wins face-off versus Sam Reinhart in neutral zone.
3:52 of 3rd period - Shot by Velyki Hospador.
3:52 of 3rd period - Deflect By Artturi Lehkonen.
3:52 of 3rd period - Stopped by Jake Oettinger without a rebound.
3:53 of 3rd period - Velyki Hospador wins face-off versus Sam Reinhart in Gladiators zone.
4:12 of 3rd period - Shot by Sam Reinhart.
4:12 of 3rd period - Shot Misses the Net.
4:41 of 3rd period - Velyki Hospador is hit by Sam Reinhart and loses puck.
5:03 of 3rd period - Icing by Samuel Girard.
5:04 of 3rd period - Evan Rodrigues wins face-off versus Kirby Dach in Gladiators zone.
6:36 of 3rd period - Shot by Jake Guentzel.
6:36 of 3rd period - Stopped by Marc-Andre Fleury with a rebound.
7:06 of 3rd period - Jonathan Huberdeau is hit by Sam Reinhart and loses puck.
7:12 of 3rd period - Jonathan Huberdeau is hit by Jaccob Slavin and loses puck.
7:23 of 3rd period - Shot by Jonathan Huberdeau.
7:23 of 3rd period - Shot Blocked by Jaccob Slavin.
7:25 of 3rd period - Shot by Jean-Gabriel Pageau.
7:25 of 3rd period - Stopped by Jake Oettinger with a rebound.
7:27 of 3rd period - Shot by Jean-Gabriel Pageau.
7:27 of 3rd period - Stopped by Jake Oettinger without a rebound.
7:28 of 3rd period - Nick Schmaltz wins face-off versus Velyki Hospador in Gladiators zone.
7:28 of 3rd period - Nick Schmaltz is hit by Velyki Hospador.
7:42 of 3rd period - Shot by Nick Schmaltz.
7:42 of 3rd period - Deflect By T.J. Oshie.
7:42 of 3rd period - Stopped by Marc-Andre Fleury without a rebound.
7:43 of 3rd period - Lars Eller wins face-off versus Sam Reinhart in Riots zone.
8:08 of 3rd period - Shot by Alex Tuch.
8:08 of 3rd period - Shot Misses the Net.
9:14 of 3rd period - Travis Konecny is hit by Velyki Hospador and loses puck.
10:11 of 3rd period - Shot by Colton Sissons.
10:11 of 3rd period - Stopped by Marc-Andre Fleury without a rebound.
10:12 of 3rd period - Lars Eller wins face-off versus Sam Reinhart in Riots zone.
10:12 of 3rd period - Lars Eller is hit by Zach Hyman.
11:25 of 3rd period - Icing by Seth Jones.
11:26 of 3rd period - Jean-Gabriel Pageau wins face-off versus Nick Schmaltz in Riots zone.
11:49 of 3rd period - Icing by Jean-Gabriel Pageau.
11:50 of 3rd period - J.T. Compher wins face-off versus Jean-Gabriel Pageau in Riots zone.
11:53 of 3rd period - Shot by Evan Rodrigues.
11:53 of 3rd period - Stopped by Marc-Andre Fleury without a rebound.
11:54 of 3rd period - Nico Hischier wins face-off versus Kirby Dach in Riots zone.
13:04 of 3rd period - Off-side.
13:05 of 3rd period - Jean-Gabriel Pageau wins face-off versus Nick Schmaltz in neutral zone.
13:15 of 3rd period - Shot by T.J. Oshie.
13:15 of 3rd period - Shot Misses the Net.
13:37 of 3rd period - Shot by Alec Martinez.
13:37 of 3rd period - Shot Blocked by Rasmus Ristolainen.
13:39 of 3rd period - Shot by Colton Sissons.
13:39 of 3rd period - Stopped by Marc-Andre Fleury without a rebound.
13:40 of 3rd period - Velyki Hospador wins face-off versus Sam Reinhart in Riots zone.
13:47 of 3rd period - Shot by Cole Caufield.
13:47 of 3rd period - Stopped by Jake Oettinger with a rebound.
14:11 of 3rd period - Shot by Alex Tuch.
14:11 of 3rd period - Shot Misses the Net.
14:13 of 3rd period - Shot by Alex Tuch.
14:13 of 3rd period - Shot Blocked by Derek Forbort.
14:15 of 3rd period - Shot by Geoff Copses.
14:15 of 3rd period - Stopped by Marc-Andre Fleury with a rebound.
14:17 of 3rd period - Shot by Sam Reinhart.
14:17 of 3rd period - Stopped by Marc-Andre Fleury with a rebound.
14:43 of 3rd period - Brandon Hagel is hit by Evan Rodrigues and loses puck.
15:48 of 3rd period - Shot by Jonathan Huberdeau.
15:48 of 3rd period - Goal by Jonathan Huberdeau - Gladiators : 0 - Riots : 1.
15:49 of 3rd period - Lars Eller wins face-off versus Nico Hischier in neutral zone.
15:52 of 3rd period - Shot by Velyki Hospador.
15:52 of 3rd period - Shot Misses the Net.
16:10 of 3rd period - Shot by Jake Guentzel.
16:10 of 3rd period - Stopped by Marc-Andre Fleury without a rebound.
16:11 of 3rd period - Jean-Gabriel Pageau wins face-off versus Nick Schmaltz in Riots zone.
16:23 of 3rd period - Nick Schmaltz is hit by Jakob Chychrun and loses puck.
16:52 of 3rd period - Shot by Jean-Gabriel Pageau.
16:52 of 3rd period - Stopped by Jake Oettinger without a rebound.
16:53 of 3rd period - Velyki Hospador wins face-off versus Nico Hischier in Gladiators zone.
17:12 of 3rd period - Shot by Travis Konecny.
17:12 of 3rd period - Shot Blocked by Cole Caufield.
17:21 of 3rd period - Off-side.
17:22 of 3rd period - Kirby Dach wins face-off versus Sam Reinhart in neutral zone.
17:33 of 3rd period - Shot by Kirby Dach.
17:33 of 3rd period - Shot Misses the Net.
18:35 of 3rd period - Gladiators, Jake Oettinger is pulled from the net.
19:30 of 3rd period - Shot by Jean-Gabriel Pageau.
19:30 of 3rd period - Shot Misses the Net.
19:35 of 3rd period - Sam Reinhart is hit by Jonathan Huberdeau and loses puck.
Goals for this period are 0 for Gladiators vs 1 for Riots.
Shots for this period are 11 for Gladiators vs 8 for Riots.